SNL (28 & UNDER)
KEY WEST BARRACUDAS @ WICHITA WRANGLERS
06/19/2029
 
TOP OF THE 1ST
Key West Barracudas batting - Pitching for Wichita Wranglers : RHP Jeff Valdés
Pitching: RHP Jeff Valdés
Batting: SHB Luis Manuel López 0-0: Called Strike
0-1: Ball
1-1: Fly out, F9 (Flyball, 9LSF)
Batting: RHB Chris Adams 0-0: Ground out 5-3 (Groundball, 56)
Batting: SHB José Espinoza 0-0: Ball
1-0: Ball
2-0: Fly out, F6 (Popup, P)
Top of the 1st over - 0 runs, 0 hits, 0 errors, 0 left on base; Key West 0 - Wichita 0
BOTTOM OF THE 1ST
Wichita Wranglers batting - Pitching for Key West Barracudas : RHP George Bennion
Pitching: RHP George Bennion
Batting: RHB Dave Boom 0-0: Ball
1-0: Ball
2-0: Ball
3-0: Called Strike
3-1: Fly out, F8 (Flyball, 8LM)
Batting: LHB Dudley Cooper 0-0: Called Strike
0-1: Foul Ball, location: 2F
0-2: Foul Ball, location: 2F
0-2: Ball
1-2: Fly out, F6 (Line Drive, 4M)
Batting: RHB Hubert MacDonald 0-0: Called Strike
0-1: Ground out 5-3 (Groundball, 5S)
Bottom of the 1st over - 0 runs, 0 hits, 0 errors, 0 left on base; Key West 0 - Wichita 0
TOP OF THE 2ND
Key West Barracudas batting - Pitching for Wichita Wranglers : RHP Jeff Valdés
Batting: SHB Héctor Jiménez 0-0: Ball
1-0: Ball
2-0: Foul Ball, location: 2F
2-1: SINGLE (Line Drive, 78S)
Batting: SHB Júlio Ayala 0-0: Ball
1-0: Swinging Strike
1-1: Ground out 3-1 (Groundball, 34S)
Héctor Jiménez to second
Batting: SHB Jacob Knapp 0-0: Called Strike
0-1: SINGLE (Groundball, 34D)
Héctor Jiménez to third
Runner from 3rd tries for Home, SAFE, no throw
Batting: RHB Anastasio Zartuche 0-0: Ball
Jacob Knapp steals 2nd base
1-0: Called Strike
1-1: Ground out 5-3 (Groundball, 56)
Batting: LHB Mauro Díaz 0-0: Ball
1-0: Ball
2-0: Called Strike
2-1: Called Strike
2-2: Ball
3-2: Strikes out looking
Top of the 2nd over - 1 run, 2 hits, 0 errors, 1 left on base; Key West 1 - Wichita 0
BOTTOM OF THE 2ND
Wichita Wranglers batting - Pitching for Key West Barracudas : RHP George Bennion
Batting: LHB Milo Powers 0-0: Ball
1-0: Foul Ball, location: 2F
1-1: Ball
2-1: Fly out, F9 (Flyball, 9)
Batting: RHB Travis Ezell 0-0: Called Strike
0-1: Ball
1-1: Swinging Strike
1-2: Foul Ball, location: 2F
1-2: Ball
2-2: Strikes out swinging
Batting: LHB Al Miller 0-0: Ball
1-0: Called Strike
1-1: Foul Ball, location: 2F
1-2: Ball
2-2: Ball
3-2: SOLO HOME RUN (Flyball, 9LD), Distance : 340 ft
Batting: RHB Stan Taylor 0-0: Called Strike
0-1: Swinging Strike
0-2: Foul Ball, location: 2F
0-2: Strikes out swinging
Bottom of the 2nd over - 1 run, 1 hit, 0 errors, 0 left on base; Key West 1 - Wichita 1
TOP OF THE 3RD
Key West Barracudas batting - Pitching for Wichita Wranglers : RHP Jeff Valdés
Batting: LHB Juan Lima 0-0: Ball
1-0: Foul Ball, location: 2F
1-1: Foul Ball, location: 2F
1-2: Ball
2-2: Strikes out looking
Batting: SHB Luis Manuel López 0-0: Ball
1-0: Fly out, F9 (Flyball, 89D)
Batting: RHB Chris Adams 0-0: Ball
1-0: Ball
2-0: Called Strike
2-1: Foul Ball, location: 2F
2-2: Ball
3-2: Foul Ball, location: 2F
3-2: Foul Ball, location: 2F
3-2: Base on Balls
Batting: SHB José Espinoza 0-0: Ball
1-0: Ball
2-0: Called Strike
2-1: Foul Ball, location: 2F
2-2: Foul Ball, location: 2F
2-2: Ground out 4-3 (Groundball, 4)
Top of the 3rd over - 0 runs, 0 hits, 0 errors, 1 left on base; Key West 1 - Wichita 1
BOTTOM OF THE 3RD
Wichita Wranglers batting - Pitching for Key West Barracudas : RHP George Bennion
Batting: LHB Mario Olivares 0-0: Ball
1-0: Foul Ball, location: 2F
1-1: SINGLE (Flyball, 8RS)
Batting: RHB Ricardo Velásquez 0-0: Ball
Mario Olivares is caught stealing 2nd base
1-0: Foul Ball, location: 2F
1-1: Fly out, F9 (Flyball, 9S)
Batting: RHB Dave Boom 0-0: Ball
1-0: Swinging Strike
1-1: Ball
2-1: Ball
3-1: Base on Balls
Batting: LHB Dudley Cooper 0-0: Ball
1-0: Called Strike
1-1: Ball
2-1: Called Strike
2-2: Fly out, F8 (Flyball, 8RD)
Bottom of the 3rd over - 0 runs, 1 hit, 0 errors, 1 left on base; Key West 1 - Wichita 1
TOP OF THE 4TH
Key West Barracudas batting - Pitching for Wichita Wranglers : RHP Jeff Valdés
Batting: SHB Héctor Jiménez 0-0: Ball
1-0: Fly out, F9 (Flyball, 9)
Batting: SHB Júlio Ayala 0-0: Ball
1-0: Called Strike
1-1: Ball
2-1: Swinging Strike
2-2: Foul Ball, location: 2F
2-2: Foul Ball, location: 2F
2-2: Ball
3-2: Base on Balls
Batting: SHB Jacob Knapp 0-0: Ball
1-0: Foul Ball, location: 2F
1-1: Foul Ball, location: 2F
1-2: Foul Ball, location: 2F
1-2: Ball
2-2: Foul Ball, location: 2F
2-2: Foul Ball, location: 2F
2-2: Ball
3-2: Foul Ball, location: 2F
3-2: Foul Ball, location: 2F
3-2: Foul Ball, location: 2F
3-2: Foul Ball, location: 2F
3-2: Foul Ball, location: 2F
3-2: Foul Ball, location: 2F
3-2: Fly out, F5 (Popup, 5SF)
Batting: RHB Anastasio Zartuche 0-0: Called Strike
0-1: Ground out 6-3 (Groundball, 6S)
Top of the 4th over - 0 runs, 0 hits, 0 errors, 1 left on base; Key West 1 - Wichita 1
BOTTOM OF THE 4TH
Wichita Wranglers batting - Pitching for Key West Barracudas : RHP George Bennion
Batting: RHB Hubert MacDonald 0-0: Foul Ball, location: 2F
0-1: Ball
1-1: SINGLE (Flyball, 7LS)
Batting: LHB Milo Powers 0-0: Grounds into double play, 4-6-3 (Groundball, 4)
Batting: RHB Travis Ezell 0-0: Called Strike
0-1: SINGLE (Groundball, 25) (infield hit)
Batting: LHB Al Miller 0-0: Called Strike
0-1: Ball
1-1: Ball
2-1: Called Strike
2-2: DOUBLE (Flyball, 89XD)
Travis Ezell to third
Runner from 3rd tries for Home, SAFE, no throw
Batting: RHB Stan Taylor 0-0: Ball
1-0: Foul Ball, location: 2F
1-1: Ball
2-1: Swinging Strike
2-2: Strikes out swinging
Bottom of the 4th over - 1 run, 3 hits, 0 errors, 1 left on base; Key West 1 - Wichita 2
TOP OF THE 5TH
Key West Barracudas batting - Pitching for Wichita Wranglers : RHP Jeff Valdés
Batting: LHB Mauro Díaz 0-0: DOUBLE (Line Drive, 9LD)
Batting: LHB Juan Lima 0-0: Ball
1-0: Fly out, F6 (Flyball, 6MD)
Batting: SHB Luis Manuel López 0-0: Called Strike
0-1: Ball
1-1: Ball
2-1: Ball
3-1: Base on Balls
Batting: RHB Chris Adams 0-0: SINGLE (Groundball, 6MD)
Mauro Díaz to third
Luis Manuel López to second
Runner from 3rd tries for Home, SAFE, no throw
Batting: SHB José Espinoza 0-0: Foul Ball, location: 2F
0-1: Ball
1-1: Ball
Passed Ball!
Luis Manuel López to third
Chris Adams to second
2-1: Foul Ball, location: 2F
2-2: Ball
3-2: Ground out 6-3 (Groundball, 6)
Luis Manuel López scores
Batting: SHB Héctor Jiménez 0-0: Ball
1-0: Fly out, F9 (Flyball, 89M)
Top of the 5th over - 2 runs, 2 hits, 0 errors, 1 left on base; Key West 3 - Wichita 2
BOTTOM OF THE 5TH
Wichita Wranglers batting - Pitching for Key West Barracudas : RHP George Bennion
Batting: LHB Mario Olivares 0-0: Ground out 4-3 (Groundball, 4)
Batting: RHB Ricardo Velásquez 0-0: Ball
1-0: Ball
2-0: SINGLE (Line Drive, 6MD)
Batting: RHB Dave Boom 0-0: Ball
1-0: Ball
2-0: Called Strike
Ricardo Velásquez steals 2nd base
2-1: SINGLE (Line Drive, 7S)
Ricardo Velásquez to third
Batting: LHB Dudley Cooper 0-0: Called Strike
0-1: Called Strike
0-2: Strikes out looking
Batting: RHB Hubert MacDonald 0-0: Ball
1-0: Ball
2-0: SINGLE (Flyball, 89M)
Ricardo Velásquez scores
Dave Boom to second
Runner from 2nd tries for 3rd, SAFE, no throw
Batting: LHB Milo Powers 0-0: Foul Ball, location: 2F
0-1: Called Strike
0-2: Ball
1-2: Fly out, F6 (Popup, 6MD)
Bottom of the 5th over - 1 run, 3 hits, 0 errors, 2 left on base; Key West 3 - Wichita 3
TOP OF THE 6TH
Key West Barracudas batting - Pitching for Wichita Wranglers : RHP Jeff Valdés
Batting: SHB Júlio Ayala 0-0: Foul Ball, location: 2F
0-1: Ball
1-1: Called Strike
1-2: Ball
2-2: Foul Ball, location: 2F
2-2: DOUBLE (Line Drive, 78M)
Batting: SHB Jacob Knapp 0-0: Ball
1-0: Called Strike
1-1: Ball
2-1: Ball
3-1: Foul Ball, location: 2F
3-2: Strikes out swinging
Batting: RHB Anastasio Zartuche 0-0: Ball
Passed Ball!
Júlio Ayala to third
1-0: Ball
2-0: Fly out, F3 (Popup, 3SF)
Batting: LHB Mauro Díaz 0-0: Ball
1-0: SINGLE (Groundball, 34D)
Júlio Ayala scores
Batting: LHB Juan Lima 0-0: Ball
1-0: Ball
2-0: SINGLE (Groundball, 34D)
Mauro Díaz to second
Runner from 2nd tries for 3rd, SAFE, throw made to third
Pitching: RHP Tony Edmonds
Batting: SHB Luis Manuel López 0-0: Ball
1-0: Ball
2-0: Fly out, F9 (Flyball, 9S)
Top of the 6th over - 1 run, 3 hits, 0 errors, 2 left on base; Key West 4 - Wichita 3
BOTTOM OF THE 6TH
Wichita Wranglers batting - Pitching for Key West Barracudas : RHP George Bennion
Pitching: RHP José Cuellar
Batting: RHB Travis Ezell 0-0: Ball
1-0: Called Strike
1-1: SINGLE (Flyball, 9LS)
Batting: LHB Al Miller 0-0: Ball
1-0: Foul Ball, location: 2F
1-1: Foul Ball, location: 2F
1-2: Strikes out swinging
Batting: RHB Stan Taylor 0-0: Called Strike
0-1: SINGLE (Groundball, 56D)
Travis Ezell to second
Batting: LHB Mario Olivares 0-0: Foul Ball, location: 2F
0-1: Foul Ball, location: 2F
0-2: Ball
1-2: Foul Ball, location: 2F
1-2: Foul Ball, location: 2F
1-2: Ball
2-2: Strikes out looking
Batting: RHB Ricardo Velásquez 0-0: Called Strike
0-1: Called Strike
0-2: Foul Ball, location: 2F
0-2: Ball
1-2: SINGLE (Groundball, 4D)
Travis Ezell to third
Stan Taylor to second
Runner from 3rd tries for Home, SAFE, throw made home
Batting: RHB Dave Boom 0-0: Ball
1-0: Ball
2-0: Foul Ball, location: 2F
2-1: Foul Ball, location: 2F
2-2: Strikes out swinging
Bottom of the 6th over - 1 run, 3 hits, 0 errors, 2 left on base; Key West 4 - Wichita 4
TOP OF THE 7TH
Key West Barracudas batting - Pitching for Wichita Wranglers : RHP Tony Edmonds
Batting: RHB Chris Adams 0-0: Ball
1-0: Swinging Strike
1-1: Ball
2-1: Ball
3-1: Base on Balls
Batting: SHB José Espinoza 0-0: Grounds into double play, 4-6-3 (Groundball, 4)
Batting: SHB Héctor Jiménez 0-0: Foul Ball, location: 2F
0-1: SINGLE (Groundball, 34D)
Pinch Runner at 1st Rob DeWitt:
Pinch Hitting: SHB Eric Pimentel 0-0: Ball
Rob DeWitt steals 2nd base
1-0: Ball
2-0: SINGLE (Groundball, 6MD)
Rob DeWitt to third
Runner from 3rd tries for Home, SAFE, throw made home
Batting: SHB Jacob Knapp 0-0: Ball
1-0: Foul Ball, location: 2F
1-1: Ball
2-1: Ball
3-1: Base on Balls
Eric Pimentel to second
Batting: RHB Anastasio Zartuche 0-0: Called Strike
0-1: Swinging Strike
0-2: Foul Ball, location: 2F
0-2: Foul Ball, location: 2F
0-2: Fly out, F8 (Flyball, 8RD)
Top of the 7th over - 1 run, 2 hits, 0 errors, 2 left on base; Key West 5 - Wichita 4
BOTTOM OF THE 7TH
Wichita Wranglers batting - Pitching for Key West Barracudas : RHP José Cuellar
Now at 2B: Rob DeWitt
Now at 3B: Rodney Birling
Batting: LHB Dudley Cooper 0-0: Ball
1-0: Ball
2-0: Foul Ball, location: 2F
2-1: Ball
3-1: Ground out U3 (Groundball, 34)
Batting: RHB Hubert MacDonald 0-0: Foul Ball, location: 2F
0-1: Fly out, F6 (Line Drive, 6)
Batting: LHB Milo Powers 0-0: Ball
1-0: Ball
2-0: Called Strike
2-1: Foul Ball, location: 2F
2-2: Fly out, F7 (Flyball, 7LS)
Bottom of the 7th over - 0 runs, 0 hits, 0 errors, 0 left on base; Key West 5 - Wichita 4
TOP OF THE 8TH
Key West Barracudas batting - Pitching for Wichita Wranglers : RHP Tony Edmonds
Batting: LHB Mauro Díaz 0-0: Ball
1-0: Ball
2-0: Ball
3-0: Called Strike
3-1: Base on Balls
Pinch Runner at 1st Jorge Hernández:
Batting: LHB Juan Lima 0-0: Bunted foul
0-1: Sac Bunt - play at first, batter OUT! 1-4
Jorge Hernández to second
Batting: SHB Luis Manuel López 0-0: Intentional Walk
Batting: RHB Chris Adams 0-0: Called Strike
Throwing error on steal attempt, E2
Jorge Hernández scores
Luis Manuel López to third
0-1: Ball
1-1: Ball
2-1: SINGLE (Groundball, 4MD)
Luis Manuel López scores
Pitching: RHP Josse Teves
Batting: SHB José Espinoza 0-0: Called Strike
0-1: Ball
1-1: Ball
Passed Ball!
Chris Adams to second
2-1: Intentional Walk
Batting: RHB Rob DeWitt 0-0: Ball
1-0: Ball
2-0: Ball
3-0: Base on Balls
Chris Adams to third
José Espinoza to second
Pinch Hitting: RHB Domingo Hernández 0-0: Called Strike
0-1: Swinging Strike
0-2: Ball
1-2: Hit by Pitch
Chris Adams scores
José Espinoza to third
Rob DeWitt to second
Batting: SHB Jacob Knapp 0-0: Ball
1-0: Ball
2-0: Ball
3-0: Base on Balls
José Espinoza scores
Rob DeWitt to third
Domingo Hernández to second
Batting: RHB Anastasio Zartuche 0-0: Ball
1-0: SINGLE (Groundball, 34D)
Rob DeWitt scores
Domingo Hernández to third
Jacob Knapp to second
Batting: RHB Jorge Hernández 0-0: Ball
1-0: Called Strike
1-1: Foul Ball, location: 2F
1-2: Ball
2-2: GRAND SLAM HOME RUN (Flyball, 89XD), Distance : 384 ft
Batting: LHB Juan Lima 0-0: Ball
1-0: Swinging Strike
1-1: SOLO HOME RUN (Flyball, 89XD), Distance : 386 ft
Batting: SHB Luis Manuel López 0-0: Ball
1-0: Ball
2-0: Ball
3-0: Base on Balls
Batting: RHB Chris Adams 0-0: Called Strike
Throwing error on steal attempt, E2
Luis Manuel López to third
0-1: Ball
1-1: Ball
2-1: Ball
3-1: Fly out, F8 (Flyball, 8LM)
Runner from 3rd tags up, OUT at HOME
Top of the 8th over - 10 runs, 4 hits, 2 errors, 0 left on base; Key West 15 - Wichita 4
BOTTOM OF THE 8TH
Wichita Wranglers batting - Pitching for Key West Barracudas : RHP José Cuellar
Now at 1B: Domingo Hernández
Now at 3B: John Smith
Batting: RHB Travis Ezell 0-0: Foul Ball, location: 2F
0-1: Swinging Strike
0-2: Strikes out looking
Batting: LHB Al Miller 0-0: Foul Ball, location: 2F
0-1: Ball
1-1: Swinging Strike
1-2: Foul Ball, location: 2F
1-2: Ball
2-2: Ball
3-2: Ground out 5-3 (Groundball, 56)
Batting: RHB Stan Taylor 0-0: Called Strike
0-1: Called Strike
0-2: Ball
1-2: Ball
2-2: Ball
3-2: Base on Balls
Batting: LHB Mario Olivares 0-0: Ball
1-0: Ball
2-0: Called Strike
2-1: Ball
3-1: Foul Ball, location: 2F
3-2: TRIPLE (Flyball, 8LXD)
Stan Taylor scores
Batting: RHB Ricardo Velásquez 0-0: Called Strike
0-1: Ball
1-1: Fly out, F9 (Flyball, 89S)
Bottom of the 8th over - 1 run, 1 hit, 0 errors, 1 left on base; Key West 15 - Wichita 5
TOP OF THE 9TH
Key West Barracudas batting - Pitching for Wichita Wranglers : RHP Josse Teves
Batting: SHB José Espinoza 0-0: Called Strike
0-1: Ball
1-1: Ball
2-1: Ball
3-1: Base on Balls
Batting: RHB Rob DeWitt 0-0: Called Strike
0-1: Ball
1-1: Called Strike
1-2: Ball
2-2: Ball
3-2: Strikes out swinging
Batting: RHB Domingo Hernández 0-0: Ball
1-0: Foul Ball, location: 2F
1-1: Foul Ball, location: 2F
1-2: Foul Ball, location: 2F
1-2: Grounds into double play, 6-4-3 (Groundball, 6)
Top of the 9th over - 0 runs, 0 hits, 0 errors, 0 left on base; Key West 15 - Wichita 5
BOTTOM OF THE 9TH
Wichita Wranglers batting - Pitching for Key West Barracudas : RHP José Cuellar
Batting: RHB Dave Boom 0-0: Called Strike
0-1: Ball
1-1: SINGLE (Line Drive, 5)
Batting: LHB Dudley Cooper 0-0: Called Strike
0-1: Ball
1-1: SINGLE (Groundball, 4MD)
Dave Boom to second
Batting: RHB Hubert MacDonald 0-0: Foul Ball, location: 2F
0-1: Ground out 4-3 (Groundball, 4MS)
Dave Boom to third
Dudley Cooper to second
Batting: LHB Milo Powers 0-0: Ball
1-0: Ball
2-0: Called Strike
2-1: 3-RUN HOME RUN (Line Drive, 78XD), Distance : 390 ft
Batting: RHB Travis Ezell 0-0: Ball
1-0: Swinging Strike
1-1: Ball
2-1: Ball
3-1: Foul Ball, location: 2F
3-2: Base on Balls
Batting: LHB Al Miller 0-0: Called Strike
0-1: Called Strike
0-2: Ball
1-2: Foul Ball, location: 2F
1-2: Ball
2-2: Strikes out swinging
Batting: RHB Stan Taylor 0-0: Fly out, F7 (Flyball, 7)
Bottom of the 9th over - 3 runs, 3 hits, 0 errors, 1 left on base; Key West 15 - Wichita 8
Saturday, December 16th, 2017 - OOTP Baseball 18.8 Build 76